Map: Traitor's Exile

Players

Lancien

  • Race: Terran Terran
  • Spawn Location: 9:00

Seth

  • Race: Terran Terran
  • League: Platinum
  • Spawn Location: 12:00

ILIEKEGGPIE - Winner!

  • Race: Protoss Protoss
  • League: Platinum
  • Spawn Location: 5:00

herlien - Winner!

  • Race: Protoss Protoss
  • Spawn Location: 6:00

VOD

Have the link to the VOD?

Description

Time

  • Played on: May 29, 2018, 8:20 p.m.
  • Length: 6:36
Show
View Real Time Build Order
Export as new Build Order

Lancien Terran 

Build Orders: MMM Bio 

Get SALT Encoding   

  12  0:01  SCV  
  13  0:13  SCV  
  14  0:19  Supply Depot  
  14  0:25  SCV  
  15  0:33  Refinery  
  15  0:40  SCV  
  16  0:46  Barracks  
  16  0:53  SCV  
  17  1:06  Barracks  
  17  1:12  SCV  
  18  1:25  Barracks  
  18  1:36  Reaper  
  19  1:50  Barracks  
  19  1:53  Reaper  
  20  1:56  SCV  
  21  2:05  Supply Depot  
  21  2:12  Reaper  
  21  2:13  Reaper  
  23  2:21  Refinery  
  23  2:29  Reaper  
  24  2:36  Orbital Command  
  24  2:52  Barracks Reactor  
  24  2:53  Engineering Bay  
  24  2:54  Barracks Tech Lab  
  24  3:04  Barracks Tech Lab  
  25  3:12  Marine  
  25  3:16  Barracks Reactor  
  26  3:20  SCV  
  26  3:32  SCV  
  26  3:33  Stimpack  
  27  3:34  Marine  
  27  3:35  Marine x2  
  30  3:44  SCV  
  31  4:06  Supply Depot  
  31  4:08  Supply Depot  
  31  4:17  Marine  
  31  4:28  Marine x5  
  36  4:34  Marine  
  37  4:39  Supply Depot  
  37  4:40  Supply Depot  
  37  4:45  Marine x3  
  37  4:46  Supply Depot, Marine x2  
  37  4:52  Marine  
  42  4:53  Missile Turret  
  42  4:55  Combat Shields  
  43  5:03  Marine x5  
  43  5:04  SCV  
  49  5:10  Marine  
  50  5:16  SCV, Factory  
  51  5:21  Marine x5  
  56  5:28  Marine, SCV  
  57  5:39  Marine  
  27  6:06  Barracks Reactor  
  27  6:07  Marine, Supply Depot  
  27  6:08  Marine  
  29  6:25  Factory  
  28  6:27  Barracks Reactor  
  28  6:30  Barracks Reactor  
Show
View Real Time Build Order
Export as new Build Order

Seth Terran 

Build Orders:  

Get SALT Encoding   

  12  0:01  SCV  
  13  0:17  Supply Depot  
  13  0:19  SCV  
  14  0:31  SCV  
  15  0:41  Barracks  
  15  0:43  SCV  
  15  0:47  Refinery  
  16  0:55  SCV  
  17  1:03  Barracks  
  17  1:07  SCV  
  18  1:19  SCV  
  18  1:20  Refinery  
  19  1:30  Reaper  
  19  1:31  SCV  
  21  1:43  SCV  
  22  1:52  Barracks Reactor  
  22  1:53  Engineering Bay  
  22  1:55  SCV  
  23  2:02  Supply Depot  
  23  2:11  Orbital Command  
  23  2:21  Terran Infantry Weapons Level 1  
  23  2:31  Reaper, Missile Turret  
  23  2:34  Reaper  
  25  2:38  Reaper  
  26  3:03  Reaper  
  27  3:06  Reaper  
  28  3:29  Reaper  
  28  3:35  Reaper  
  28  3:38  Reaper  
  19  4:01  Reaper  
  18  4:07  Reaper  
Show
View Real Time Build Order
Export as new Build Order

ILIEKEGGPIE Protoss - Winner!

Build Orders:  

Get SALT Encoding   

  12  0:01  Probe  
  13  0:13  Probe  
  14  0:19  Pylon  
  14  0:24  Probe  
  15  0:33  Probe  
  15  0:42  Gateway  
  16  0:43  Probe  
  17  0:50  Assimilator  
  17  0:55  Probe  
  18  1:07  Probe  
  19  1:19  Probe  
  19  1:23  Pylon  
  20  1:31  Probe  
  21  1:34  Cybernetics Core  
  21  1:37  Assimilator  
  21  1:50  Probe  
  21  1:52  Gateway  
  22  2:01  Warp Gate  
  22  2:02  Stalker  
  22  2:06  Probe  
  25  2:18  Probe  
  25  2:22  Gateway  
  26  2:24  Shield Battery  
  26  2:30  Stalker  
  28  2:40  Stalker  
  28  2:41  Pylon  
  30  2:55  Robotics Facility  
  30  3:10  Stalker  
  32  3:25  Stalker x2  
  36  3:29  Shield Battery  
  36  3:48  Pylon  
  36  3:57  Immortal  
  38  4:22  Stalker  
  38  4:23  Stalker x2  
  44  4:47  Stalker  
  44  4:51  Pylon  
  46  5:07  Pylon  
  46  5:09  Observer  
  46  5:18  Stalker  
  46  5:19  Adept x2  
  53  5:26  Pylon  
  51  6:07  Adept x2  
  51  6:08  Adept  
  57  6:20  Gateway  
  57  6:22  Gateway  
Show
View Real Time Build Order
Export as new Build Order

herlien Protoss - Winner!

Build Orders:  

Get SALT Encoding   

  12  0:00  Probe  
  13  0:13  Probe  
  14  0:22  Pylon  
  14  0:26  Probe  
  15  0:30  Assimilator  
  15  0:36  Probe  
  16  0:44  Probe  
  17  0:52  Gateway  
  17  0:55  Probe  
  18  1:07  Gateway  
  18  1:12  Probe  
  19  1:23  Pylon  
  19  1:25  Probe  
  20  1:28  Assimilator  
  20  1:41  Cybernetics Core  
  20  1:43  Zealot  
  22  1:47  Probe  
  23  2:01  Gateway  
  23  2:05  Zealot  
  25  2:09  Warp Gate  
  25  2:18  Stalker  
  27  2:25  Probe  
  27  2:28  Pylon  
  28  2:37  Stalker  
  30  2:45  Stalker  
  32  3:05  Pylon  
  28  3:31  Stalker x2  
  28  3:32  Stalker  
  17  4:02  Probe  
  12  4:14  Probe  
  13  4:27  Probe  
  14  4:40  Probe  
  15  4:47  Stalker  
  17  5:05  Stalker  
  19  5:20  Probe  
  14  5:51  Probe  
  9  5:59  Probe  
  10  6:06  Stalker  
  10  6:08  Probe  
  12  6:17  Stalker  
  15  6:23  Probe  
Tags
 
Add a new tag
Caveats
  • Supply blocks, unpowered buildings, or Contaminate may cause inaccurate times.
  • Supply counts are checked every 10 seconds.